Diables vs Senators
Created - January 15, 2020 at 19:34
Goals
|
| Diables |
0 |
0 |
1 |
1 |
| Senators |
0 |
0 |
5 |
5 |
|
Shots
|
| Diables |
9 |
6 |
13 |
28 |
| Senators |
5 |
0 |
24 |
29 |
|
1st period
No Goal
Penalties :
Mark Jankowski (Alm) for Holding (Minor) at 9:36, Mikko Lehtonen (Alm) for Hooking (Minor) at 16:05
2nd period
No Goal
Penalties :
Tomas Jurco (BIN) for Hooking (Minor) at 18:24
3rd period
1. Senators , Patrick Maroon 9 (Nick Foligno 27, Scott Harrington 20) at 0:42
2. Senators , Jan Mursak 12 (Nick Foligno 28, Scott Harrington 21) at 1:20
3. Diables , Brett Lernout 1 (Mark Jankowski 11, Daniel Zaar 14) at 11:09
4. Senators , Chandler Stephenson 8 (Jan Mursak 9, Stephon Williams) at 13:00 (PP)
5. Senators , Nick Foligno 27 (Matt Frattin 26, Zemgus Girgensons 27) at 17:25
6. Senators , Jan Mursak 13 (Dylan Blujus 17, Scott Harrington 22) at 18:39 (SH)
Penalties :
Will Butcher (Alm) for Slashing (Minor) at 5:23, Scott Harrington (BIN) for Hooking (Minor) at 8:52, Carl Gunnarsson (Alm) for Boarding (Minor) at 12:13, Zemgus Girgensons (BIN) for Tripping (Minor) at 17:38
Goalie Stats
Igor Shesterkin (Alm), 24 saves from 29 shots - (0.828), L, 5-4-1, 60:00 minutes
Stephon Williams (BIN), 27 saves from 28 shots - (0.964), W, 3-3-1, 60:00 minutes
Players Stats for Diables
Player Name G A P +/- PIM S H SB GA TA FO MP PP MP PK MP
------------------------------------------------------------------------------------
Alex Tuch 0 0 0 -2 0 3 1 1 1 0 1/1 14:38 3:39 0:00
Artturi Lehkonen 0 0 0 1 0 0 2 0 0 0 0/0 8:58 0:00 0:00
Brandon Prust 0 0 0 -2 0 1 1 0 0 0 0/0 15:50 2:16 2:23
Brett Lernout 1 0 1 1 0 1 0 0 1 0 0/0 9:08 0:00 0:47
Brock McGinn 0 0 0 -1 0 1 4 0 1 1 0/3 19:50 3:39 0:31
C.J Suess 0 0 0 -1 0 0 0 0 0 1 0/0 10:48 0:00 0:00
Carl Gunnarsson 0 0 0 0 2 4 2 4 1 0 0/0 19:15 2:01 3:18
Chris Bigras 0 0 0 1 0 0 0 0 0 0 0/0 8:33 0:00 0:00
Daniel Zaar 0 1 1 1 0 3 0 1 1 1 0/0 9:35 0:02 0:00
Eric Gustafsson 0 0 0 0 0 0 0 1 0 0 0/0 11:33 2:01 0:00
Frederik Gauthier 0 0 0 -1 0 3 1 1 0 0 7/11 17:29 2:18 3:46
Jordan Caron 0 0 0 0 0 0 0 0 0 0 0/0 20:01 2:18 3:50
Louis Leblanc 0 0 0 -2 0 1 1 1 0 0 4/8 11:24 0:00 0:31
Marc-André Bourdon 0 0 0 0 0 0 1 1 0 0 0/0 14:26 0:00 2:39
Mark Jankowski 0 1 1 1 2 1 0 0 0 0 0/0 12:23 0:00 0:59
Mikko Lehtonen 0 0 0 -2 2 1 1 0 1 0 0/0 12:24 0:00 0:00
Nikita Zadorov 0 0 0 -4 0 3 1 3 0 0 0/0 25:40 3:56 4:05
Tim Schaller 0 0 0 -1 0 5 2 0 1 0 5/19 18:53 3:39 1:28
Will Butcher 0 0 0 -4 2 0 2 2 0 0 0/0 19:18 3:56 0:00
Zac Leslie 0 0 0 0 0 1 3 1 1 0 0/0 13:06 0:00 2:39
Players Stats for Senators
Player Name G A P +/- PIM S H SB GA TA FO MP PP MP PK MP
------------------------------------------------------------------------------------
Adam Ollas-Mattsson 0 0 0 0 0 0 1 2 0 0 0/0 14:59 0:00 0:47
Blake Coleman 0 0 0 0 0 1 0 1 1 0 0/0 9:29 0:00 0:00
Chandler Stephenson 1 0 1 1 0 1 2 0 0 0 3/4 14:18 2:53 0:00
Dylan Blujus 0 1 1 4 0 3 3 0 0 0 0/0 25:17 4:50 3:50
Grant Besse 0 0 0 0 0 0 0 1 0 0 0/0 9:50 0:01 0:00
Jack Dougherty 0 0 0 -1 0 2 0 2 0 2 0/0 18:08 1:54 2:07
Jake Evans 0 0 0 1 0 0 1 0 0 0 0/2 13:11 0:00 1:01
Jan Mursak 2 1 3 2 0 4 3 1 0 2 0/1 15:26 2:53 1:57
Keegan Lowe 0 0 0 -1 0 0 0 1 0 0 0/0 18:26 1:54 2:07
Mason Geertsen 0 0 0 0 0 0 0 0 0 0 0/0 14:22 0:00 0:24
Matt Frattin 0 1 1 1 0 6 2 0 2 1 0/0 22:09 3:51 3:49
Michal Repik 0 0 0 1 0 1 0 2 0 1 0/0 12:24 0:01 0:00
Nick Foligno 1 2 3 1 0 5 0 1 0 1 6/9 22:07 3:50 3:35
Patrick Maroon 1 0 1 1 0 1 4 0 0 0 0/0 13:41 0:00 1:14
Scott Harrington 0 3 3 3 2 1 2 3 0 0 0/0 25:20 4:50 2:39
Tomas Jurco 0 0 0 1 2 2 1 0 0 0 0/0 13:57 2:53 0:00
Warren Foegele 0 0 0 0 0 0 0 0 0 0 0/0 9:22 0:00 0:00
Zemgus Girgensons 0 1 1 0 2 2 2 0 0 1 16/26 18:52 3:50 0:18
3 Stars
1 - Jan Mursak (BIN)
2 - Nick Foligno (BIN)
3 - Scott Harrington (BIN)
Power Play
Diables - 0 on 3 Attempt(s) - 0.00%
Senators - 1 on 4 Attempt(s) - 25.00%
Penalty Kill
Diables - 3 on 4 Attempt(s) - 75.00%
- Score 0 goal in Penalty Kill
Senators - 3 on 3 Attempt(s) - 100.00%
- Score 1 goal in Penalty Kill
Team Stat
Diables - Hits : 22 - Faceoff Wins : 17 - Blocked Shots : 16 - Penalty Minutes : 8
Senators - Hits : 21 - Faceoff Wins : 25 - Blocked Shots : 14 - Penalty Minutes : 6
Official
Referees : Unknown
Linesman : Unknown
Game Notes
No Game Note
Finance
Level 1 -- Attendance: 1922 (96.10%) -- Ticket Income $63,426
Level 2 -- Attendance: 932 (93.20%) -- Ticket Income $13,980
Total Attendance: 2854 (95.13%)
Total Ticket Income: $77,406
Other Income: $3,870
Total Income: $81,276
Diables
5 vs 5 Forward
Center Left Wing Right Wing Time % Phy DF OF
1 Tim Schaller Brock McGinn Jordan Caron 40 1 2 2
2 Louis Leblanc Brandon Prust Mikko Lehtonen 30 1 2 2
3 Frederik Gauthier C.J Suess Alex Tuch 20 1 2 2
4 Mark Jankowski Artturi Lehkonen Daniel Zaar 10 1 2 2
5 vs 5 Defense
Defense Defense Time % Phy DF OF
1 Nikita Zadorov Will Butcher 40 1 2 2
2 Carl Gunnarsson Marc-André Bourdon 30 1 2 2
3 Eric Gustafsson Zac Leslie 20 1 2 2
4 Brett Lernout Chris Bigras 10 1 2 2
PowerPlay Forward
Center Left Wing Right Wing Time % Phy DF OF
1 Tim Schaller Brock McGinn Alex Tuch 60 1 2 2
2 Frederik Gauthier Brandon Prust Jordan Caron 40 1 2 2
PowerPlay Defense
Defense Defense Time % Phy DF OF
1 Nikita Zadorov Will Butcher 60 1 2 2
2 Carl Gunnarsson Eric Gustafsson 40 1 2 2
Penalty Kill 4 Players Forward
Center Wing Time % Phy DF OF
1 Frederik Gauthier Jordan Caron 60 1 2 2
2 Tim Schaller Brandon Prust 40 1 2 2
Penalty Kill 4 Players Defense
Defense Defense Time % Phy DF OF
1 Nikita Zadorov Carl Gunnarsson 60 1 2 2
2 Zac Leslie Marc-André Bourdon 40 1 2 2
Penalty Kill - 3 Players Forward
Forward Time % Phy DF OF
1 Tim Schaller 60 1 2 2
2 Jordan Caron 40 1 2 2
Penalty Kill - 3 Players Defense
Defense Defense Time % Phy DF OF
1 Nikita Zadorov Zac Leslie 60 1 2 2
2 Carl Gunnarsson Marc-André Bourdon 40 1 2 2
4 vs 4 Forward
Center Wing Time % Phy DF OF
1 Tim Schaller Jordan Caron 60 1 2 2
2 Brock McGinn Brandon Prust 40 1 2 2
4 vs 4 Defense
Defense Defense Time % Phy DF OF
1 Carl Gunnarsson Will Butcher 60 1 2 2
2 Nikita Zadorov Marc-André Bourdon 40 1 2 2
Last Minutes Offensive
Center Left Wing Right Wing Defense Defense
Tim Schaller Brock McGinn Jordan Caron Nikita Zadorov Will Butcher
Last Minutes Defensive
Center Left Wing Right Wing Defense Defense
Tim Schaller Brock McGinn Jordan Caron Nikita Zadorov Will Butcher
Goaltenders
Starting : Igor Shesterkin
Backup : Eric Comrie
Extra Forwards
Normal : Daniel Zaar, Mark Jankowski, Frederik Gauthier - PP : Daniel Zaar, Mark Jankowski - PK : Frederik Gauthier
Extra Defensemen
Normal : Chris Bigras, Brett Lernout, Zac Leslie - PP : Chris Bigras - PK : Brett Lernout, Zac Leslie
Penalty Shots
Tim Schaller, Jordan Caron, Brock McGinn, Brandon Prust, Mikko Lehtonen
Scratches
Stephen Harper (Healthy), Emil Djuse (Healthy), Christian Thomas (Healthy), Cole Cassels (Healthy), Jeremy Gregoire (Healthy)
Connor Hurley (Healthy), Gustav Olofsson (Healthy), Andreas Johnsson (Healthy), Brett Ritchie (Healthy), Anders Bjork (Healthy)
Hunter Smith (Healthy), Jack Campbell (Healthy)
Senators
5 vs 5 Forward
Center Left Wing Right Wing Time % Phy DF OF
1 Zemgus Girgensons Nick Foligno Matt Frattin 40 1 2 2
2 Chandler Stephenson Jan Mursak Tomas Jurco 30 1 2 2
3 Jake Evans Patrick Maroon Michal Repik 20 1 2 2
4 Blake Coleman Warren Foegele Grant Besse 10 1 2 2
5 vs 5 Defense
Defense Defense Time % Phy DF OF
1 Scott Harrington Dylan Blujus 40 1 2 2
2 Keegan Lowe Jack Dougherty 30 1 2 2
3 Mason Geertsen Adam Ollas-Mattsson 20 1 2 2
4 Scott Harrington Dylan Blujus 10 1 2 2
PowerPlay Forward
Center Left Wing Right Wing Time % Phy DF OF
1 Zemgus Girgensons Nick Foligno Matt Frattin 60 1 2 2
2 Chandler Stephenson Jan Mursak Tomas Jurco 40 1 2 2
PowerPlay Defense
Defense Defense Time % Phy DF OF
1 Scott Harrington Dylan Blujus 60 1 2 2
2 Keegan Lowe Jack Dougherty 40 1 2 2
Penalty Kill 4 Players Forward
Center Wing Time % Phy DF OF
1 Nick Foligno Matt Frattin 60 1 2 2
2 Jan Mursak Patrick Maroon 40 1 2 2
Penalty Kill 4 Players Defense
Defense Defense Time % Phy DF OF
1 Scott Harrington Dylan Blujus 60 1 2 2
2 Keegan Lowe Jack Dougherty 40 1 2 2
Penalty Kill - 3 Players Forward
Forward Time % Phy DF OF
1 Nick Foligno 60 1 2 2
2 Matt Frattin 40 1 2 2
Penalty Kill - 3 Players Defense
Defense Defense Time % Phy DF OF
1 Scott Harrington Dylan Blujus 60 1 2 2
2 Keegan Lowe Jack Dougherty 40 1 2 2
4 vs 4 Forward
Center Wing Time % Phy DF OF
1 Nick Foligno Matt Frattin 60 1 2 2
2 Jan Mursak Patrick Maroon 40 1 2 2
4 vs 4 Defense
Defense Defense Time % Phy DF OF
1 Scott Harrington Dylan Blujus 60 1 2 2
2 Keegan Lowe Jack Dougherty 40 1 2 2
Last Minutes Offensive
Center Left Wing Right Wing Defense Defense
Zemgus Girgensons Nick Foligno Matt Frattin Scott Harrington Dylan Blujus
Last Minutes Defensive
Center Left Wing Right Wing Defense Defense
Zemgus Girgensons Nick Foligno Matt Frattin Scott Harrington Dylan Blujus
Goaltenders
Starting : Stephon Williams
Backup : Justin Peters
Extra Forwards
Normal : Michal Repik, Grant Besse, Jake Evans - PP : Michal Repik, Grant Besse - PK : Jake Evans
Extra Defensemen
Normal : Mason Geertsen, Adam Ollas-Mattsson, Keegan Lowe - PP : Mason Geertsen - PK : Adam Ollas-Mattsson, Keegan Lowe
Penalty Shots
Nick Foligno, Matt Frattin, Jan Mursak, Patrick Maroon, Tomas Jurco
Scratches
Andy Andreoff (Healthy), Brett Bulmer (Healthy), Maxim Letunov (Healthy), Pontus Sjalin (Healthy), Keven Bouchard (Healthy)
% Time on Ice - Diables
Lines # - Real PCT - Wanted PCT - Time Play
Normal Forward
1 - 35% - 40% - 16:40
2 - 23% - 30% - 10:54
3 - 23% - 20% - 10:48
4 - 19% - 10% - 8:57
Normal Defense
1 - 37% - 40% - 17:39
2 - 25% - 30% - 11:52
3 - 20% - 20% - 9:27
4 - 18% - 10% - 8:21
PP Forward
1 - 61% - 60% - 3:39
2 - 39% - 40% - 2:18
PP Defense
1 - 66% - 60% - 3:56
2 - 34% - 40% - 2:01
PK Forward
1 - 78% - 60% - 5:16
2 - 22% - 40% - 1:28
PK Defense
1 - 61% - 60% - 4:05
2 - 39% - 40% - 2:39
PK3 Forward
1 - 0% - 60%
2 - 0% - 40%
PK3 Defense
1 - 0% - 60%
2 - 0% - 40%
44 Forward
1 - 0% - 60%
2 - 0% - 40%
44 Defense
1 - 0% - 60%
2 - 0% - 40%
Last Minute Offensive - 0:00
Last Minute Defensive - 0:00
Total
Forward - 60:00
Defense - 60:00
|
% Time on Ice - Senators
Lines # - Real PCT - Wanted PCT - Time Play
Normal Forward
1 - 33% - 40% - 15:34
2 - 23% - 30% - 11:02
3 - 25% - 20% - 11:55
4 - 19% - 10% - 8:48
Normal Defense
1 - 39% - 40% - 18:21
2 - 30% - 30% - 14:17
3 - 28% - 20% - 13:25
4 - 3% - 10% - 1:16
PP Forward
1 - 57% - 60% - 3:51
2 - 43% - 40% - 2:53
PP Defense
1 - 72% - 60% - 4:50
2 - 28% - 40% - 1:54
PK Forward
1 - 82% - 60% - 4:51
2 - 18% - 40% - 1:06
PK Defense
1 - 64% - 60% - 3:50
2 - 36% - 40% - 2:07
PK3 Forward
1 - 0% - 60%
2 - 0% - 40%
PK3 Defense
1 - 0% - 60%
2 - 0% - 40%
44 Forward
1 - 0% - 60%
2 - 0% - 40%
44 Defense
1 - 0% - 60%
2 - 0% - 40%
Last Minute Offensive - 0:00
Last Minute Defensive - 0:00
Total
Forward - 60:00
Defense - 60:00
|
Play-by-Play
1st period
0:01 of 1st period - Zemgus Girgensons wins face-off versus Tim Schaller in neutral zone.
0:10 of 1st period - Wrist shot by Matt Frattin.
0:10 of 1st period - Stopped by Igor Shesterkin with a rebound.
0:12 of 1st period - Slapshot by Scott Harrington.
0:12 of 1st period - Shot Blocked by Will Butcher.
0:14 of 1st period - Slapshot by Matt Frattin.
0:14 of 1st period - Deflect By Nick Foligno.
0:14 of 1st period - Stopped by Igor Shesterkin with a rebound.
0:16 of 1st period - Snap shot by Zemgus Girgensons.
0:16 of 1st period - Shot Misses the Net.
0:26 of 1st period - Will Butcher is hit by Chandler Stephenson and loses puck.
1:11 of 1st period - Wrist shot by Grant Besse.
1:11 of 1st period - Shot Blocked by Carl Gunnarsson.
1:13 of 1st period - Slapshot by Keegan Lowe.
1:13 of 1st period - Shot Blocked by Carl Gunnarsson.
2:03 of 1st period - Patrick Maroon is hit by Alex Tuch and loses puck.
2:44 of 1st period - Tim Schaller is hit by Zemgus Girgensons and loses puck.
2:51 of 1st period - Wrist shot by Matt Frattin.
2:51 of 1st period - Shot Misses the Net.
3:01 of 1st period - Slapshot by Jordan Caron.
3:01 of 1st period - Shot Blocked by Scott Harrington.
3:03 of 1st period - Slapshot by Marc-André Bourdon.
3:03 of 1st period - Shot Misses the Net.
3:05 of 1st period - Slapshot by Carl Gunnarsson.
3:05 of 1st period - Stopped by Stephon Williams with a rebound.
3:29 of 1st period - Snap shot by Patrick Maroon.
3:29 of 1st period - Shot Misses the Net.
3:47 of 1st period - Snap shot by Brandon Prust.
3:47 of 1st period - Deflect By Mikko Lehtonen.
3:47 of 1st period - Stopped by Stephon Williams with a rebound.
3:49 of 1st period - Snap shot by Brandon Prust.
3:49 of 1st period - Shot Blocked by Keegan Lowe.
3:51 of 1st period - Slapshot by Zac Leslie.
3:51 of 1st period - Deflect By Louis Leblanc.
3:51 of 1st period - Stopped by Stephon Williams with a rebound.
3:53 of 1st period - Snap shot by Eric Gustafsson.
3:53 of 1st period - Shot Misses the Net.
3:55 of 1st period - Wrist shot by Zac Leslie.
3:55 of 1st period - Shot Misses the Net.
4:36 of 1st period - Wrist shot by Jan Mursak.
4:36 of 1st period - Shot Misses the Net.
5:43 of 1st period - Wrist shot by Frederik Gauthier.
5:43 of 1st period - Shot Misses the Net.
6:06 of 1st period - Wrist shot by Patrick Maroon.
6:06 of 1st period - Shot Misses the Net.
6:28 of 1st period - Matt Frattin is hit by Frederik Gauthier and loses puck.
6:51 of 1st period - Wrist shot by Grant Besse.
6:51 of 1st period - Shot Blocked by Marc-André Bourdon.
6:53 of 1st period - Backhand shot by Grant Besse.
6:53 of 1st period - Shot Blocked by Carl Gunnarsson.
6:55 of 1st period - Wrist shot by Blake Coleman.
6:55 of 1st period - Stopped by Igor Shesterkin with a rebound.
7:10 of 1st period - Slapshot by Marc-André Bourdon.
7:10 of 1st period - Shot Blocked by Jan Mursak.
7:12 of 1st period - Snap shot by Carl Gunnarsson.
7:12 of 1st period - Stopped by Stephon Williams with a rebound.
7:23 of 1st period - Icing by Patrick Maroon.
7:24 of 1st period - Tim Schaller wins face-off versus Jake Evans in Senators zone.
7:49 of 1st period - Brock McGinn is hit by Chandler Stephenson and loses puck.
8:00 of 1st period - Jordan Caron is hit by Tomas Jurco and loses puck.
9:00 of 1st period - Mark Jankowski is hit by Jan Mursak.
9:26 of 1st period - Snap shot by Daniel Zaar.
9:26 of 1st period - Deflect By Dylan Blujus.
9:26 of 1st period - Stopped by Stephon Williams with a rebound.
9:36 of 1st period - Minor Penalty to Mark Jankowski for Holding.
9:37 of 1st period - Frederik Gauthier wins face-off versus Zemgus Girgensons in Diables zone.
9:50 of 1st period - Snap shot by Nick Foligno.
9:50 of 1st period - Stopped by Igor Shesterkin with a rebound.
11:30 of 1st period - Dylan Blujus is hit by Zac Leslie and loses puck.
11:36 of 1st period - Penalty to Mark Jankowski is over, Mark Jankowski is back on ice.
13:34 of 1st period - Scott Harrington is hit by Zac Leslie and loses puck.
14:11 of 1st period - Icing by Carl Gunnarsson.
14:12 of 1st period - Chandler Stephenson wins face-off versus Tim Schaller in Diables zone.
14:27 of 1st period - Brock McGinn is hit by Jan Mursak and loses puck.
15:05 of 1st period - Icing by Marc-André Bourdon.
15:06 of 1st period - Zemgus Girgensons wins face-off versus Louis Leblanc in Diables zone.
15:07 of 1st period - Wrist shot by Matt Frattin.
15:07 of 1st period - Shot Blocked by Carl Gunnarsson.
15:19 of 1st period - Backhand shot by Brandon Prust.
15:19 of 1st period - Shot Misses the Net.
15:27 of 1st period - Snap shot by Brandon Prust.
15:27 of 1st period - Shot Misses the Net.
15:29 of 1st period - Slapshot by Carl Gunnarsson.
15:29 of 1st period - Deflect By Matt Frattin.
15:29 of 1st period - Stopped by Stephon Williams without a rebound.
15:30 of 1st period - Frederik Gauthier wins face-off versus Chandler Stephenson in Senators zone.
16:05 of 1st period - Minor Penalty to Mikko Lehtonen for Hooking.
16:06 of 1st period - Zemgus Girgensons wins face-off versus Frederik Gauthier in Diables zone.
16:06 of 1st period - Wrist shot by Matt Frattin.
16:06 of 1st period - Stopped by Igor Shesterkin with a rebound.
16:10 of 1st period - Wrist shot by Zemgus Girgensons.
16:10 of 1st period - Shot Blocked by Frederik Gauthier.
16:12 of 1st period - Slapshot by Scott Harrington.
16:12 of 1st period - Shot Misses the Net.
16:32 of 1st period - Jan Mursak is hit by Tim Schaller and loses puck.
18:05 of 1st period - Penalty to Mikko Lehtonen is over, Mikko Lehtonen is back on ice.
18:44 of 1st period - Mason Geertsen is hit by Brock McGinn and loses puck.
18:57 of 1st period - Wrist shot by Mikko Lehtonen.
18:57 of 1st period - Shot Misses the Net.
18:59 of 1st period - Slapshot by Carl Gunnarsson.
18:59 of 1st period - Stopped by Stephon Williams with a rebound.
19:01 of 1st period - Wrist shot by Mikko Lehtonen.
19:01 of 1st period - Shot Misses the Net.
19:03 of 1st period - Snap shot by Mark Jankowski.
19:03 of 1st period - Shot Misses the Net.
19:05 of 1st period - Slapshot by Nikita Zadorov.
19:05 of 1st period - Stopped by Stephon Williams with a rebound.
19:07 of 1st period - Slapshot by Nikita Zadorov.
19:07 of 1st period - Stopped by Stephon Williams with a rebound.
19:55 of 1st period - Snap shot by Warren Foegele.
19:55 of 1st period - Shot Misses the Net.
Goals for this period are 0 for Diables vs 0 for Senators.
Shots for this period are 9 for Diables vs 5 for Senators.
2nd period
0:01 of 2nd period - Zemgus Girgensons wins face-off versus Louis Leblanc in neutral zone.
0:16 of 2nd period - Wrist shot by Nick Foligno.
0:16 of 2nd period - Shot Misses the Net.
1:14 of 2nd period - Wrist shot by Mark Jankowski.
1:14 of 2nd period - Stopped by Stephon Williams without a rebound.
1:15 of 2nd period - Chandler Stephenson wins face-off versus Louis Leblanc in Senators zone.
1:40 of 2nd period - Matt Frattin is hit by Brock McGinn and loses puck.
1:47 of 2nd period - Wrist shot by Brock McGinn.
1:47 of 2nd period - Stopped by Stephon Williams with a rebound.
2:05 of 2nd period - Jake Evans is hit by Carl Gunnarsson and loses puck.
2:16 of 2nd period - Chris Bigras is hit by Patrick Maroon and loses puck.
2:25 of 2nd period - Frederik Gauthier is hit by Patrick Maroon and loses puck.
2:41 of 2nd period - C.J Suess is hit by Patrick Maroon and loses puck.
3:34 of 2nd period - Wrist shot by Patrick Maroon.
3:34 of 2nd period - Shot Misses the Net.
3:42 of 2nd period - Snap shot by Frederik Gauthier.
3:42 of 2nd period - Shot Misses the Net.
3:44 of 2nd period - Snap shot by Alex Tuch.
3:44 of 2nd period - Stopped by Stephon Williams with a rebound.
3:46 of 2nd period - Wrist shot by C.J Suess.
3:46 of 2nd period - Shot Misses the Net.
3:48 of 2nd period - Wrist shot by Frederik Gauthier.
3:48 of 2nd period - Stopped by Stephon Williams with a rebound.
5:25 of 2nd period - Snap shot by Alex Tuch.
5:25 of 2nd period - Shot Blocked by Michal Repik.
5:31 of 2nd period - Snap shot by Frederik Gauthier.
5:31 of 2nd period - Stopped by Stephon Williams with a rebound.
5:33 of 2nd period - Snap shot by Frederik Gauthier.
5:33 of 2nd period - Shot Misses the Net.
5:35 of 2nd period - Wrist shot by Brett Lernout.
5:35 of 2nd period - Shot Blocked by Adam Ollas-Mattsson.
5:49 of 2nd period - Frederik Gauthier is hit by Adam Ollas-Mattsson and loses puck.
6:10 of 2nd period - Snap shot by Alex Tuch.
6:10 of 2nd period - Stopped by Stephon Williams with a rebound.
6:12 of 2nd period - Snap shot by C.J Suess.
6:12 of 2nd period - Deflect By Frederik Gauthier.
6:12 of 2nd period - Shot Blocked by Michal Repik.
6:12 of 2nd period - Puck is out of play.
6:13 of 2nd period - Louis Leblanc wins face-off versus Zemgus Girgensons in Senators zone.
6:45 of 2nd period - Snap shot by Tomas Jurco.
6:45 of 2nd period - Shot Misses the Net.
6:47 of 2nd period - Slapshot by Keegan Lowe.
6:47 of 2nd period - Shot Blocked by Nikita Zadorov.
7:16 of 2nd period - Mark Jankowski is hit by Dylan Blujus.
7:30 of 2nd period - Brandon Prust is hit by Scott Harrington and loses puck.
7:51 of 2nd period - Icing by Jack Dougherty.
7:52 of 2nd period - Nick Foligno wins face-off versus Tim Schaller in Senators zone.
7:57 of 2nd period - Wrist shot by Tim Schaller.
7:57 of 2nd period - Shot Misses the Net.
7:59 of 2nd period - Snap shot by Brock McGinn.
7:59 of 2nd period - Shot Blocked by Jack Dougherty.
8:01 of 2nd period - Snap shot by Tim Schaller.
8:01 of 2nd period - Shot Misses the Net.
8:03 of 2nd period - Slapshot by Zac Leslie.
8:03 of 2nd period - Shot Blocked by Jack Dougherty.
8:05 of 2nd period - Snap shot by Brock McGinn.
8:05 of 2nd period - Shot Misses the Net.
8:21 of 2nd period - Wrist shot by Jan Mursak.
8:21 of 2nd period - Shot Blocked by Daniel Zaar.
8:23 of 2nd period - Snap shot by Keegan Lowe.
8:23 of 2nd period - Shot Misses the Net.
9:27 of 2nd period - Warren Foegele is hit by Brandon Prust and loses puck.
9:48 of 2nd period - Snap shot by Tomas Jurco.
9:48 of 2nd period - Shot Misses the Net.
10:00 of 2nd period - Nick Foligno is hit by Zac Leslie and loses puck.
12:34 of 2nd period - Artturi Lehkonen is hit by Zemgus Girgensons and loses puck.
13:45 of 2nd period - Mikko Lehtonen is hit by Dylan Blujus and loses puck.
14:07 of 2nd period - Grant Besse is hit by Artturi Lehkonen and loses puck.
18:24 of 2nd period - Minor Penalty to Tomas Jurco for Hooking.
18:25 of 2nd period - Nick Foligno wins face-off versus Tim Schaller in Senators zone.
19:15 of 2nd period - Carl Gunnarsson is hit by Patrick Maroon.
19:42 of 2nd period - Dylan Blujus is hit by Brock McGinn and loses puck.
Goals for this period are 0 for Diables vs 0 for Senators.
Shots for this period are 6 for Diables vs 0 for Senators.
3rd period
0:01 of 3rd period - Nick Foligno wins face-off versus Tim Schaller in neutral zone.
0:14 of 3rd period - Snap shot by Tim Schaller.
0:14 of 3rd period - Stopped by Stephon Williams without a rebound.
0:15 of 3rd period - Tim Schaller wins face-off versus Nick Foligno in Senators zone.
0:24 of 3rd period - Penalty to Tomas Jurco is over, Tomas Jurco is back on ice.
0:42 of 3rd period - Snap shot by Patrick Maroon.
0:42 of 3rd period - Goal by Patrick Maroon - Diables : 0 - Senators : 1.
0:43 of 3rd period - Tim Schaller wins face-off versus Zemgus Girgensons in neutral zone.
0:48 of 3rd period - Nick Foligno is hit by Brock McGinn and loses puck.
1:05 of 3rd period - Nick Foligno is hit by Tim Schaller and loses puck.
1:18 of 3rd period - Snap shot by Jan Mursak.
1:18 of 3rd period - Shot Blocked by Louis Leblanc.
1:20 of 3rd period - Snap shot by Jan Mursak.
1:20 of 3rd period - Goal by Jan Mursak - Diables : 0 - Senators : 2.
1:21 of 3rd period - Zemgus Girgensons wins face-off versus Tim Schaller in neutral zone.
1:24 of 3rd period - Snap shot by Nick Foligno.
1:24 of 3rd period - Shot Blocked by Will Butcher.
1:36 of 3rd period - Slapshot by Will Butcher.
1:36 of 3rd period - Shot Misses the Net.
2:16 of 3rd period - Snap shot by Tomas Jurco.
2:16 of 3rd period - Shot Misses the Net.
2:36 of 3rd period - Wrist shot by Michal Repik.
2:36 of 3rd period - Stopped by Igor Shesterkin with a rebound.
2:38 of 3rd period - Snap shot by Patrick Maroon.
2:38 of 3rd period - Shot Misses the Net.
2:50 of 3rd period - Wrist shot by Tim Schaller.
2:50 of 3rd period - Shot Blocked by Nick Foligno.
2:52 of 3rd period - Slapshot by Zac Leslie.
2:52 of 3rd period - Stopped by Stephon Williams with a rebound.
2:54 of 3rd period - Snap shot by Tim Schaller.
2:54 of 3rd period - Stopped by Stephon Williams with a rebound.
2:56 of 3rd period - Slapshot by Tim Schaller.
2:56 of 3rd period - Stopped by Stephon Williams with a rebound.
3:13 of 3rd period - Keegan Lowe is hit by Mikko Lehtonen and loses puck.
4:05 of 3rd period - Wrist shot by Jan Mursak.
4:05 of 3rd period - Shot Misses the Net.
4:29 of 3rd period - Daniel Zaar is hit by Jake Evans and loses puck.
4:40 of 3rd period - Wrist shot by Artturi Lehkonen.
4:40 of 3rd period - Deflect By Daniel Zaar.
4:40 of 3rd period - Shot Misses the Net.
4:40 of 3rd period - Puck is out of play.
4:41 of 3rd period - Zemgus Girgensons wins face-off versus Brock McGinn in Senators zone.
4:46 of 3rd period - Snap shot by Nick Foligno.
4:46 of 3rd period - Deflect By Matt Frattin.
4:46 of 3rd period - Stopped by Igor Shesterkin without a rebound.
4:47 of 3rd period - Zemgus Girgensons wins face-off versus Tim Schaller in Diables zone.
4:48 of 3rd period - Wrist shot by Matt Frattin.
4:48 of 3rd period - Shot Misses the Net.
4:50 of 3rd period - Wrist shot by Zemgus Girgensons.
4:50 of 3rd period - Stopped by Igor Shesterkin with a rebound.
4:52 of 3rd period - Backhand shot by Zemgus Girgensons.
4:52 of 3rd period - Shot Blocked by Nikita Zadorov.
4:54 of 3rd period - Snap shot by Matt Frattin.
4:54 of 3rd period - Shot Blocked by Nikita Zadorov.
4:56 of 3rd period - Slapshot by Dylan Blujus.
4:56 of 3rd period - Stopped by Igor Shesterkin with a rebound.
4:58 of 3rd period - Wrist shot by Matt Frattin.
4:58 of 3rd period - Stopped by Igor Shesterkin without a rebound.
4:59 of 3rd period - Tim Schaller wins face-off versus Zemgus Girgensons in Diables zone.
5:23 of 3rd period - Minor Penalty to Will Butcher for Slashing.
5:24 of 3rd period - Frederik Gauthier wins face-off versus Zemgus Girgensons in Diables zone.
5:31 of 3rd period - Snap shot by Jordan Caron.
5:31 of 3rd period - Deflect By Frederik Gauthier.
5:31 of 3rd period - Shot Misses the Net.
5:31 of 3rd period - Puck is out of play.
5:32 of 3rd period - Zemgus Girgensons wins face-off versus Frederik Gauthier in Senators zone.
5:38 of 3rd period - Off-side.
5:39 of 3rd period - Zemgus Girgensons wins face-off versus Frederik Gauthier in neutral zone.
5:44 of 3rd period - Frederik Gauthier is hit by Scott Harrington and loses puck.
6:35 of 3rd period - Marc-André Bourdon is hit by Matt Frattin and loses puck.
7:04 of 3rd period - Matt Frattin is hit by Marc-André Bourdon and loses puck.
7:23 of 3rd period - Penalty to Will Butcher is over, Will Butcher is back on ice.
7:40 of 3rd period - Slapshot by Patrick Maroon.
7:40 of 3rd period - Shot Misses the Net.
7:50 of 3rd period - Slapshot by Carl Gunnarsson.
7:50 of 3rd period - Shot Blocked by Adam Ollas-Mattsson.
8:29 of 3rd period - Snap shot by Daniel Zaar.
8:29 of 3rd period - Stopped by Stephon Williams with a rebound.
8:31 of 3rd period - Snap shot by Alex Tuch.
8:31 of 3rd period - Deflect By Daniel Zaar.
8:31 of 3rd period - Stopped by Stephon Williams with a rebound.
8:33 of 3rd period - Slapshot by Alex Tuch.
8:33 of 3rd period - Stopped by Stephon Williams without a rebound.
8:34 of 3rd period - Zemgus Girgensons wins face-off versus Tim Schaller in Senators zone.
8:41 of 3rd period - Slapshot by Matt Frattin.
8:41 of 3rd period - Shot Blocked by Zac Leslie.
8:43 of 3rd period - Wrist shot by Zemgus Girgensons.
8:43 of 3rd period - Deflect By Nick Foligno.
8:43 of 3rd period - Shot Misses the Net.
8:43 of 3rd period - Puck is out of play.
8:44 of 3rd period - Zemgus Girgensons wins face-off versus Tim Schaller in Diables zone.
8:45 of 3rd period - Wrist shot by Nick Foligno.
8:45 of 3rd period - Deflect By Zemgus Girgensons.
8:45 of 3rd period - Stopped by Igor Shesterkin without a rebound.
8:46 of 3rd period - Louis Leblanc wins face-off versus Zemgus Girgensons in Diables zone.
8:52 of 3rd period - Minor Penalty to Scott Harrington for Hooking.
8:53 of 3rd period - Nick Foligno wins face-off versus Tim Schaller in Senators zone.
10:52 of 3rd period - Penalty to Scott Harrington is over, Scott Harrington is back on ice.
11:07 of 3rd period - Snap shot by Mark Jankowski.
11:07 of 3rd period - Shot Misses the Net.
11:09 of 3rd period - Wrist shot by Brett Lernout.
11:09 of 3rd period - Goal by Brett Lernout - Diables : 1 - Senators : 2.
11:10 of 3rd period - Louis Leblanc wins face-off versus Zemgus Girgensons in neutral zone.
11:54 of 3rd period - Backhand shot by Jack Dougherty.
11:54 of 3rd period - Stopped by Igor Shesterkin without a rebound.
11:55 of 3rd period - Chandler Stephenson wins face-off versus Tim Schaller in Diables zone.
11:56 of 3rd period - Wrist shot by Jan Mursak.
11:56 of 3rd period - Stopped by Igor Shesterkin with a rebound.
11:58 of 3rd period - Snap shot by Tomas Jurco.
11:58 of 3rd period - Stopped by Igor Shesterkin with a rebound.
12:00 of 3rd period - Slapshot by Dylan Blujus.
12:00 of 3rd period - Shot Misses the Net.
12:04 of 3rd period - Snap shot by Chandler Stephenson.
12:04 of 3rd period - Shot Misses the Net.
12:06 of 3rd period - Slapshot by Dylan Blujus.
12:06 of 3rd period - Stopped by Igor Shesterkin with a rebound.
12:08 of 3rd period - Slapshot by Scott Harrington.
12:08 of 3rd period - Stopped by Igor Shesterkin with a rebound.
12:10 of 3rd period - Slapshot by Dylan Blujus.
12:10 of 3rd period - Deflect By Tomas Jurco.
12:10 of 3rd period - Stopped by Igor Shesterkin without a rebound.
12:11 of 3rd period - Louis Leblanc wins face-off versus Jake Evans in Diables zone.
12:13 of 3rd period - Minor Penalty to Carl Gunnarsson for Boarding.
12:14 of 3rd period - Frederik Gauthier wins face-off versus Zemgus Girgensons in Diables zone.
12:30 of 3rd period - Snap shot by Scott Harrington.
12:30 of 3rd period - Deflect By Matt Frattin.
12:30 of 3rd period - Stopped by Igor Shesterkin without a rebound.
12:31 of 3rd period - Frederik Gauthier wins face-off versus Zemgus Girgensons in Diables zone.
12:44 of 3rd period - Snap shot by Jordan Caron.
12:44 of 3rd period - Deflect By Frederik Gauthier.
12:44 of 3rd period - Stopped by Stephon Williams with a rebound.
13:00 of 3rd period - Wrist shot by Jan Mursak.
13:00 of 3rd period - Deflect By Chandler Stephenson.
13:00 of 3rd period - Goal by Chandler Stephenson - Diables : 1 - Senators : 3.
13:01 of 3rd period - Zemgus Girgensons wins face-off versus Tim Schaller in neutral zone.
13:10 of 3rd period - Wrist shot by Matt Frattin.
13:10 of 3rd period - Shot Misses the Net.
13:14 of 3rd period - Wrist shot by Nick Foligno.
13:14 of 3rd period - Stopped by Igor Shesterkin without a rebound.
13:15 of 3rd period - Zemgus Girgensons wins face-off versus Louis Leblanc in Diables zone.
13:18 of 3rd period - Slapshot by Nick Foligno.
13:18 of 3rd period - Shot Misses the Net.
13:41 of 3rd period - Carl Gunnarsson is hit by Jan Mursak.
14:29 of 3rd period - Michal Repik is hit by Artturi Lehkonen and loses puck.
14:44 of 3rd period - Wrist shot by Patrick Maroon.
14:44 of 3rd period - Shot Misses the Net.
14:46 of 3rd period - Slapshot by Jack Dougherty.
14:46 of 3rd period - Stopped by Igor Shesterkin without a rebound.
14:47 of 3rd period - Zemgus Girgensons wins face-off versus Brock McGinn in Diables zone.
14:54 of 3rd period - Slapshot by Marc-André Bourdon.
14:54 of 3rd period - Shot Blocked by Scott Harrington.
14:56 of 3rd period - Snap shot by Brock McGinn.
14:56 of 3rd period - Shot Misses the Net.
15:23 of 3rd period - Scott Harrington is hit by Carl Gunnarsson.
15:41 of 3rd period - Tomas Jurco is hit by Louis Leblanc.
16:01 of 3rd period - Wrist shot by Daniel Zaar.
16:01 of 3rd period - Shot Blocked by Grant Besse.
16:03 of 3rd period - Slapshot by Carl Gunnarsson.
16:03 of 3rd period - Shot Blocked by Blake Coleman.
16:21 of 3rd period - Brock McGinn is hit by Matt Frattin and loses puck.
16:40 of 3rd period - Keegan Lowe is hit by Will Butcher and loses puck.
16:49 of 3rd period - Wrist shot by Brandon Prust.
16:49 of 3rd period - Stopped by Stephon Williams with a rebound.
17:03 of 3rd period - Slapshot by Jan Mursak.
17:03 of 3rd period - Shot Blocked by Eric Gustafsson.
17:07 of 3rd period - Wrist shot by Jan Mursak.
17:07 of 3rd period - Stopped by Igor Shesterkin without a rebound.
17:08 of 3rd period - Zemgus Girgensons wins face-off versus Tim Schaller in Diables zone.
17:21 of 3rd period - Wrist shot by Nick Foligno.
17:21 of 3rd period - Stopped by Igor Shesterkin without a rebound.
17:22 of 3rd period - Zemgus Girgensons wins face-off versus Frederik Gauthier in Diables zone.
17:25 of 3rd period - Snap shot by Nick Foligno.
17:25 of 3rd period - Goal by Nick Foligno - Diables : 1 - Senators : 4.
17:26 of 3rd period - Tim Schaller wins face-off versus Zemgus Girgensons in neutral zone.
17:38 of 3rd period - Minor Penalty to Zemgus Girgensons for Tripping.
17:39 of 3rd period - Alex Tuch wins face-off versus Nick Foligno in Senators zone.
17:43 of 3rd period - Snap shot by Tim Schaller.
17:43 of 3rd period - Stopped by Stephon Williams with a rebound.
17:45 of 3rd period - Slapshot by Nikita Zadorov.
17:45 of 3rd period - Stopped by Stephon Williams without a rebound.
17:46 of 3rd period - Nick Foligno wins face-off versus Brock McGinn in Senators zone.
17:57 of 3rd period - Snap shot by Tim Schaller.
17:57 of 3rd period - Stopped by Stephon Williams without a rebound.
17:58 of 3rd period - Nick Foligno wins face-off versus Tim Schaller in Senators zone.
18:11 of 3rd period - Dylan Blujus is hit by Nikita Zadorov and loses puck.
18:28 of 3rd period - Nikita Zadorov is hit by Dylan Blujus and loses puck.
18:33 of 3rd period - Snap shot by Patrick Maroon.
18:33 of 3rd period - Shot Misses the Net.
18:35 of 3rd period - Slapshot by Scott Harrington.
18:35 of 3rd period - Shot Blocked by Alex Tuch.
18:37 of 3rd period - Snap shot by Dylan Blujus.
18:37 of 3rd period - Stopped by Igor Shesterkin with a rebound.
18:39 of 3rd period - Snap shot by Jan Mursak.
18:39 of 3rd period - Goal by Jan Mursak - Diables : 1 - Senators : 5.
18:40 of 3rd period - Frederik Gauthier wins face-off versus Nick Foligno in neutral zone.
19:05 of 3rd period - Dylan Blujus is hit by Will Butcher and loses puck.
19:12 of 3rd period - Slapshot by Tim Schaller.
19:12 of 3rd period - Shot Blocked by Scott Harrington.
19:24 of 3rd period - Slapshot by Matt Frattin.
19:24 of 3rd period - Stopped by Igor Shesterkin without a rebound.
19:25 of 3rd period - Frederik Gauthier wins face-off versus Jan Mursak in Diables zone.
19:38 of 3rd period - Penalty to Zemgus Girgensons is over, Zemgus Girgensons is back on ice.
Goals for this period are 1 for Diables vs 5 for Senators.
Shots for this period are 13 for Diables vs 24 for Senators.
Back to the Top